Unix NetHack Version 5.0.0-0 post-release - last build Jul 19 2026 19:10:59 (3aa4ab31751d3886436d94b585a96704892fd477,branch:main).

Game began 2026-07-18 23:37:24, ended 2026-07-24 21:35:15.

Daltwisney, chaotic female elven Wizard

 ---------                                  -----------
 |>......|      ------                      |.........|        ------
 |.......|      |....+                     #....[.....|        |..(.|
 |[....).-#    #.....|  #   --------       #|.........|        |....|
 ---------#    #|.....######.......|       #|.(........        |....|
          #    #------  ####|......|      ##-.---------        |....|
         ##    #           #.......|      #  ####            ##.....|
         #     #            |......|     ##     #            # ----.-
         #     #            |......-######      #         ####     ##
       ###    ##            --------            ##       ##         ####
       # #    #                                  #########             #
       #----- #                                   -.---##              ####
       #....|##                                   |...|####               #
        |....#                                    |.`.| # #########       #
        |...|                                     |....         --.-------|-
        |...|                                     -----         |...@<.....|
        -----                                                   |.........f|
                                                                |........).|
                                                                ------------

Daltwisney the Evoker     St:13 Dx:9 Co:14 In:20 Wi:8 Ch:11  Chaotic
Dlvl:3  $:40 HP:17(17) Pw:24(24) AC:6  Xp:2 T:947 

Latest messages:
 You see here a rusty splint mail.
 You see here 8 darts.
 You are beginning to feel hungry.
 In what direction? <space>
 Never mind.
 What do you want to eat? [rx or ?*] x
 This food really hits the spot!  You finish eating the food ration.
 Something is written here in the dust.  You read: "E".
 There is nothing here to pick up.
 You kill the yellow mold!
 The gecko bites!
 You kill the gecko!
 You swap places with your kitten.
 The door resists!
 The door resists!
 The door resists!
 The door opens.
 You see here a cursed potion of invisibility.
 s - a cursed potion of invisibility.
 You see here a quarterstaff.
 Restoring save file...
 Hello Daltwisney, the elven Wizard, welcome back to NetHack!
 Really quit without saving? [yn] (n) n
 Really quit without saving? [yn] (n) y
 Do you want your possessions identified? [ynq] (y) n
 Do you want to see your attributes? [ynq] (y) n
 Do you want an account of creatures vanquished? [ynaq] (y) n
 Do you want to see your conduct and achievements? [ynq] (y) n
 Do you want to see the dungeon overview? [ynq] (y) n

Inventory:
 Coins    ('$')
  $ - 40 gold pieces
 Weapons  (')')
  a - a blessed +1 quarterstaff (weapon in hands)
 Armor    ('[')
  q - a blessed +0 helmet (being worn)
  b - an uncursed +2 cloak of magic resistance (being worn)
 Comestibles  ('%')
  r - an uncursed egg
 Scrolls  ('?')
  t - an uncursed scroll of teleportation
 Spellbooks  ('+')
  m - an uncursed spellbook of create monster
  l - a blessed spellbook of force bolt
 Potions  ('!')
  C - an uncursed potion of blindness
  f - an uncursed potion of booze
  B - a cursed potion of full healing
  s - a cursed potion of invisibility
  g - an uncursed potion of monster detection
 Rings    ('=')
  d - an uncursed ring of sustain ability
  e - an uncursed ring of teleportation
 Wands    ('/')
  c - a wand of slow monster (0:6)
  z - a wand of teleportation (0:2)
 Tools    ('(')
  p - an uncursed wooden harp
  o - an uncursed blindfold
  n - a magic marker (0:11)
 Gems/Stones  ('*')
  v - an uncursed aquamarine stone
  A - 2 uncursed worthless pieces of green glass

Daltwisney the Wizard's attributes:

Background:
 You were an Evoker, a level 2 female elven Wizard.
 You were chaotic, on a mission for Anhur
 who was opposed by Ptah (lawful) and Thoth (neutral).
 You were right-handed.
 You were in the Dungeons of Doom, on level 3.
 You entered the dungeon 947 turns ago.
 You had 35 experience points, 5 more were needed to attain level 3.

Basics:
 You had all 17 hit points.
 You had all 24 energy points (spell power).
 Your armor class was 6.
 Your wallet contained 40 zorkmids.
 Autopickup was off.

Final Characteristics:
 Your strength was 13 (limit:18).
 Your dexterity was 9 (limit:18).
 Your constitution was 14 (limit:16).
 Your intelligence was 20 (limit:20).
 Your wisdom was 8 (limit:20).
 Your charisma was 11 (limit:18).

Final Status:
 You weren't hungry.
 You were unencumbered.
 You were wielding a quarterstaff.
 You had basic skill with quarterstaff.

Final Attributes:
 You were devoutly aligned.
 You were magic-protected.
 You had infravision.
 You were warded.
 You survived.

Miscellaneous:
 You didn't encounter any bones levels.
 Total elapsed playing time was 1 hour and 52 seconds.

Major events:
 Turn
    1: Daltwisney the chaotic female elven Wizard entered the dungeon
  525: entered the Gnomish Mines
  947: quit

Spells:
 Name                 Level Category     Fail Retention
 force bolt             1   attack         0%  91%-100%
 create monster         2   clerical      52%  76%-100%

Skills:
 Fighting Skills
   bare handed combat [Unskilled]
   riding             [Unskilled]
 Weapon Skills
   dagger             [Unskilled]
   knife              [Unskilled]
   axe                [Unskilled]
   short sword        [Unskilled]
   club               [Unskilled]
   mace               [Unskilled]
   quarterstaff       [Basic]
   polearms           [Unskilled]
   spear              [Unskilled]
   trident            [Unskilled]
   sling              [Unskilled]
   dart               [Unskilled]
   shuriken           [Unskilled]
 Spellcasting Skills
   attack spells      [Basic]
   healing spells     [Unskilled]
   divination spells  [Unskilled]
   enchantment spells [Basic]
   clerical spells    [Unskilled]
   escape spells      [Unskilled]
   matter spells      [Unskilled]

Voluntary challenges:
 Character rerolling was not enabled.
 You followed a strict vegan diet.
 You were an atheist.
 You never genocided any monsters.
 You never polymorphed an object.
 You never changed form.
 You used no wishes.
Achievement:
 You entered the Gnomish Mines.

 The Dungeons of Doom: levels 1 to 3
    Level 1:
       Many fountains.
    Level 2:
       A fountain.
       Stairs down to The Gnomish Mines.
    Level 3: <- You were here.
 The Gnomish Mines:
    Level 3:


Vanquished creatures:
  a large kobold
  2 yellow molds
  a gecko
  2 foxes
  a kobold
  a goblin
  2 grid bugs
  a kobold zombie
  5 newts
16 creatures vanquished.

No species were genocided or became extinct.

Goodbye Daltwisney the Wizard...

You quit in The Dungeons of Doom on dungeon level 3 with 280 points,
and 40 pieces of gold, after 947 moves.
You were level 2 with a maximum of 17 hit points when you quit.

